 Dungeon Crawl Stone Soup version 0.30.1-4-g462c640d31 (webtiles) character file.

Game seed: 8367488981083712765

56402 shmup the Scorcher (level 14, -24/87 HPs)
             Began as a Tengu Fire Elementalist on Aug 11, 2023.
             Was the Champion of Nemelex Xobeh.
             Annihilated by Rupert
             ... wielding a +2 great sword of protection
              (28 damage)
             ... while paralysed by Rupert
             ... on level 13 of the Dungeon.
             The game lasted 02:00:41 (37227 turns).

shmup the Scorcher (Tengu Fire Elementalist)       Turns: 37227, Time: 02:00:43

Health: -24/87     AC:  7    Str:  8    XL:     14   Next: 81%
Magic:  19/21      EV:  2    Int: 21    God:    Nemelex Xobeh [******]
Gold:   1141       SH:  0    Dex: 15    Spells: 5/21 levels left

rFire   + + +        b - staff of air "Noastaja" {rElec rF+}
rCold   + . .        H - +0 buckler of Integrity {rC+ Slay+2 SInv}
rNeg    . . .        U - +2 robe {rF+}
rPois   +            K - +1 hat
rElec   +            Z - +1 cloak
rCorr   .            (no gloves)
SInv    +            (boots unavailable)
Will    +....        e - amulet of reflection
Stlth   ++           s - ring of poison resistance
HPRegen 0.34/turn    r - ring of protection from fire
MPRegen 0.17/turn

%: reflection
@: paralysed, flying quickly and evasively, studying Armour, quick
A: beak, talons 3, nimble flight
a: Renounce Religion, Draw Escape, Draw Destruction, Draw Summoning, Triple
Draw, Deal Four, Stack Five


You were on level 13 of the Dungeon.
You worshipped Nemelex Xobeh.
Nemelex Xobeh was exalted by your worship.
You visited 5 branches of the dungeon, and saw 22 of its levels.

You collected 1421 gold pieces.
You spent 280 gold pieces at shops.

Inventory:

Hand Weapons
 a - a +5 vampiric spear
Missiles
 w - 55 poisoned darts
 y - 26 boomerangs (quivered)
 Q - 5 datura-tipped darts
 V - 3 curare-tipped darts
Armour
 j - a +1 robe of cold resistance
 H - the +0 buckler of Integrity (worn) {rC+ Slay+2 SInv}
   (You found it on level 5 of the Lair of Beasts)

   Slay:      It affects your accuracy & damage with ranged weapons and melee
   (+2).
   rC:        It protects you from cold.
   SInv:      It lets you see invisible.
 K - a +1 hat (worn)
 P - an orb of energy
 U - a +2 robe of fire resistance (worn)
 Z - a +1 cloak (worn)
Magical Staves
 b - the staff of air "Noastaja" (weapon) {rElec rF+}
   (You found it on level 5 of the Lair of Beasts)

   [staff of air]

   Base accuracy: +5 Base damage: 5 Base attack delay: 1.2 This weapon's minimum
   attack delay (0.6) is reached at skill level 12.
   rF:        It protects you from fire.
   rElec:     It insulates you from electricity.
   It falls into the 'Staves' category.
   It is a one-handed weapon.
 f - a staff of cold
 X - a staff of earth
Jewellery
 e - an amulet of reflection (around neck)
 o - a ring of fire
 r - a ring of protection from fire (right hand)
 s - a ring of poison resistance (left hand)
 x - a +6 ring of dexterity
 C - a +5 ring of evasion
 E - an amulet of magic regeneration
 J - a ring of ice
 Y - a +4 ring of protection
Wands
 A - a wand of charming (20)
 B - a wand of roots (11)
 M - a wand of digging (14)
 O - a wand of quicksilver (7)
 S - a wand of polymorph (3)
 T - a wand of mindburst (17)
Scrolls
 k - a scroll of enchant weapon
 p - a scroll of silence
 q - 5 scrolls of fog
 t - a scroll of fear
 F - 4 scrolls of teleportation
 L - 2 scrolls of magic mapping
 W - a scroll of poison
Potions
 c - a potion of magic
 d - a potion of heal wounds
 g - a potion of invisibility
 h - 2 potions of ambrosia
 i - 5 potions of haste
 l - 2 potions of flight
 m - 4 potions of brilliance
 n - 3 potions of cancellation
 u - 6 potions of curing
 v - 4 potions of berserk rage
 z - 3 potions of lignification
 I - 4 potions of might {unknown}
 R - a potion of resistance
Miscellaneous
 D - a phial of floods
 N - a phantom mirror


   Skills:
 - Level 9.7 Fighting
 - Level 6.9 Armour
 - Level 11.7 Dodging
 - Level 2.0 Stealth
 - Level 4.0 Shields
 - Level 4.0 Spellcasting
 - Level 9.5 Conjurations
 - Level 6.6 Hexes
 - Level 9.6 Summonings
 - Level 0.3 Translocations
 - Level 16.3 Fire Magic
 + Level 2.5 Air Magic
 - Level 0.3 Invocations


You had 5 spell levels left.
You knew the following spells:

 Your Spells              Type           Power      Damage    Failure   Level
a - Foxfire               Conj/Fire      100%       2x1d9     1%          1
b - Scorch                Fire           100%       2d9       1%          2
c - Inner Flame           Hex/Fire       51%        N/A       1%          3
d - Volatile Blastmotes   Fire/Tloc      78%        2d16      1%          3
e - Summon Guardian Gole  Hex/Summ       38%        N/A       1%          3
w - Flame Wave            Conj/Fire      55%        2d13      1%          4

Your spell library contained the following spells:

 Spells                   Type           Power      Damage    Failure   Level
 Shock                    Conj/Air       100%       1d9       1%          1
 Summon Small Mammal      Summ           100%       N/A       1%          1
 Call Canine Familiar     Summ           44%        N/A       1%          3
 Cause Fear               Hex            15%        N/A       12%         4
 Apportation              Tloc           10%        N/A       16%         1
 Swiftness                Air            22%        N/A       19%         3
 Summon Mana Viper        Hex/Summ       38%        N/A       19%         5
 Summon Ice Beast         Ice/Summ       24%        N/A       24%         4
 Vhi's Electric Charge    Tloc/Air       30%        N/A       30%         3
 Arcjolt                  Conj/Air       22%        1d32      38%         5
 Gell's Gravitas          Tloc           5%         N/A       43%         3
 Teleport Other           Tloc           5%         N/A       43%         3
 Anguish                  Hex/Necr       9%         N/A       43%         4
 Airstrike                Air            11%        2d(2-18)  54%         4
 Manifold Assault         Tloc           5%         N/A       83%         4
 Olgreb's Toxic Radiance  Pois           4%         N/A       87%         4
 Alistair's Intoxication  Tmut/Pois      2%         N/A       99%         5
 Plasma Beam              Fire/Air       30%        2x1d47    50%         6
 Ignition                 Fire           32%        3d10      83%         8
 Monstrous Menagerie      Summ           22%        N/A       96%         7
 Dispersal                Tloc           2%         N/A       100%        6
 Enfeeble                 Hex            15%        N/A       100%        7
 Discord                  Hex            15%        N/A       100%        8
 Disjunction              Tloc           2%         N/A       100%        8


Dungeon Overview and Level Annotations

Branches:
Dungeon (13/15) Zot: 26985  Temple (1/1) D:5 Zot: 5741    Lair (5/5) D:10 Zot: 17886
  Swamp (0/4) Lair:2       Spider (0/4) Lair:3        Slime (1/5) Lair:4 Zot: 5998
    Orc (2/2) D:11 Zot: 11146
    Elf: Orc:2       Vaults: D:13-14

Altars:
Ashenzari
Cheibriados
Dithmenos
Elyvilon
Fedhas
Gozag
Hepliaklqana
Kikubaaqudgha
Makhleb
Nemelex Xobeh
Okawaru
Qazlal
Ru
Sif Muna
Trog
Uskayaw
Vehumet
Wu Jian
Xom
Yredelemnul
Zin
The Shining One
Lugonu

Shops:
D:1 ?

Portals:
Abyss: Lair:5

Annotations:
D:9 exclusion: 2 downstairs
D:13 Rupert
Lair:4 exclusion: downstairs
Orc:1 exclusion: downstairs
Orc:2 Saint Roka


Innate Abilities, Weirdness & Mutations

You have a beak for a mouth.
You have claws for feet.
Your magical nature lets you fly swiftly and evasively.


Message History

Aim: Rupert, wielding a +2 great sword of protection and wearing a +0 chain mail (severely wounded, fast)
The wavering orb of destruction weakly hits Rupert!
Rupert is severely wounded.
A vampire mosquito comes into view.
Rupert yells loudly at you.
You suddenly lose the ability to move!
The manticore flicks its tail.
The volley of spikes hits your guardian golem but does no damage.
Rupert hits you with a +2 great sword of protection!!
A vampire mosquito comes into view.
The cyclops throws a large rock.
The large rock hits you!
* * * LOW HITPOINT WARNING * * *
Rupert hits you with a +2 great sword of protection!!
* * * LOW HITPOINT WARNING * * *
The manticore bites your guardian golem but does no damage.
The manticore claws your guardian golem.
The manticore claws your guardian golem!
Your guardian golem overheats!
A vampire mosquito comes into view.
The vampire mosquito bites you.
* * * LOW HITPOINT WARNING * * *
The vampire mosquito draws strength from your injuries!
The vampire mosquito buzzes angrily.
The vampire mosquito bites you but does no damage.
Rupert hits you with a +2 great sword of protection!!
* * * LOW HITPOINT WARNING * * *
The manticore flicks its tail.
The volley of spikes hits your guardian golem.
Flame seeps out of your guardian golem.
Your guardian golem is engulfed in blazing flames.
Flame seeps out of your guardian golem.
The vampire mosquito bites you but does no damage.
Rupert hits you with a +2 great sword of protection!
* * * LOW HITPOINT WARNING * * *
The vampire mosquito bites you.
* * * LOW HITPOINT WARNING * * *
The vampire mosquito draws strength from your injuries!
Rupert hits you with a +2 great sword of protection!!
You die...
Your body glows with a rainbow of weird colours and disappears.

.▒▒▒▒
▒▒▒▒▒▒.......
▒....▒....... ▒
▒.!..▒.$.....
..▒▒....▒.......
▒.C.............
............9H..
▒...Q@.......
▒..yy<.....▒
▒.......▒▒.▒
▒...y...▒.▒
▒.y..▒▒▒▒...
▒..... ...
▒..▒.▒ ....▒
..▒.. .... ▒.
...▒


You could see Rupert (fast), a manticore (ally target), a cyclops, 4 vampire
mosquitoes and a friendly guardian golem (summoned, inner flame, skewered).

Vanquished Creatures
  Nessos (Lair:4)
  The ghost of shmup the Cruncher, a journeyman TeFE of Nemelex Xobeh (Lair:2)
  The ghost of Weugil the Slicer, a journeyman HaBe of Trog (Lair:2)
  A hydra (Lair:4)
  A radroach (shapeshifter) (Lair:5)
  5 two-headed ogres
  The ghost of Cato the Destroyer, a journeyman DECj of Sif Muna (Lair:2)
  6 death yaks
  2 thrashing horrors (Lair:5)
  Nergalle (Lair:1)
  Sonja (D:11)
  A skyshark (Lair:3)
  Amaemon (D:11)
  An orb spider (Lair:3)
  A bog body (Lair:2)
  A manticore (D:11)
  An orc sorcerer (Orc:1)
  2 ugly things (Lair:5)
  A cyclops (D:12)
  An elephant (D:9)
  5 black mambas
  A spectral centaur (D:11)
  6 cane toads
  4 rime drakes
  8 komodo dragons
  2 polar bears
  2 trolls
  2 ancient zymes (Lair:5)
  3 hornets
  A tyrant leech (Lair:3)
  11 blink frogs
  2 large abominations (Lair:5)
  3 dream sheep (Lair:5)
  A centaur simulacrum (D:11)
  2 wraiths
  A ynoxinul (Lair:5)
  3 slime creatures (D:12)
  4 wyverns
  A water elemental (D:11)
  A shadow (D:11)
  38 yaks
  A redback (shapeshifter) (Lair:5)
  5 basilisks
  A steam dragon (D:7)
  2 vampire mosquitoes (D:11)
  Menkaure (D:7)
  A chaos spawn (Lair:5)
  2 swamp worms (Lair:2)
  14 water moccasins
  An ice beast (D:6)
  A meliai simulacrum (D:11)
  14 orc warriors
  A sky beast (D:7)
  10 small abominations
  9 wolves
  2 ogres
  6 centaurs
  A phantom (D:7)
  3 kobold brigands
  2 gnoll sergeants
  7 bullfrogs
  5 scorpions
  2 two-headed ogre simulacra (D:11)
  15 wights
  9 killer bees (D:9)
  10 howler monkeys
  12 electric eels
  A lava snake (Lair:1)
  5 hounds
  4 gnoll boudas
  8 jellies
  11 orc priests
  16 orc wizards
  5 iguanas
  4 sleepcaps
  2 spriggan simulacra (D:11)
  Robin (D:2)
  5 adders
  24 gnolls
  A naga simulacrum (D:11)
  A shadow imp (D:5)
  3 white imps
  An ufetubus (D:6)
  A worm (D:2)
  3 dart slugs
  60 orcs
  6 endoplasms
  4 giant cockroaches
  20 goblins
  12 hobgoblins
  19 kobolds
  A quokka (D:4)
  3 ball pythons
  4 bats
  4 frilled lizards
  6 rats
504 creatures vanquished.

Vanquished Creatures (collateral kills)
  A quicksilver ooze (D:10)
  The ghost of SirLogeyBear the Severer, a journeyman HOBe of Trog (D:11)
  A thrashing horror (Lair:5)
  A spectral centaur (D:11)
  A hellwing (Lair:4)
  A small abomination (Lair:5)
  2 foxfires
8 creatures vanquished.

Vanquished Creatures (others)
  2 two-headed ogres (D:12)
  A skyshark (Lair:4)
  An ugly thing (D:11)
  A cyclops (D:11)
  A torpor snail (Lair:4)
  An orange demon (D:11)
  3 komodo dragons
  A polar bear (Lair:5)
  2 blink frogs (Lair:3)
  2 slime creatures (D:12)
  3 yaks
  A vampire mosquito (D:11)
  A basilisk (D:11)
  A water moccasin (Lair:3)
  2 orc warriors (Orc:1)
  3 wolves (Lair:3)
  2 orc wizards
  An orc (Orc:1)
  1037 foxfires
1066 creatures vanquished.

Grand Total: 1578 creatures vanquished

Notes
Turn   | Place    | Note
-------+----------+-------------------------------------------
     0 | D:1      | shmup the Tengu Fire Elementalist began the quest for the
                  | Orb.
     0 | D:1      | Reached XP level 1. HP: 10/10 MP: 4/4
   297 | D:1      | Reached XP level 2. HP: 15/15 MP: 4/6
   352 | D:1      | Found Haenwoympe's Magic Scroll Shop.
   363 | D:1      | Bought a scroll of identify for 22 gold pieces
   684 | D:1      | You fall into a shaft and drop 1 floor!
   766 | D:2      | Reached skill level 4 in Fire Magic
   819 | D:2      | Learned a level 2 spell: Scorch
   842 | D:2      | Reached XP level 3. HP: 19/19 MP: 4/7
   885 | D:2      | Found a faded altar of an unknown god.
   956 | D:2      | Prayed at the altar of an unknown god.
   956 | D:2      | Became a worshipper of Nemelex Xobeh the Trickster
   956 | D:2      | Reached * piety under Nemelex Xobeh
  1103 | D:2      | Noticed Robin
  1129 | D:2      | Killed Robin
  1131 | D:2      | Reached XP level 4. HP: 18/24 MP: 0/8
  1527 | D:2      | Reached skill level 1 in Fighting
  1850 | D:3      | Received a gift from Nemelex Xobeh
  2002 | D:3      | Gained mutation: Your magical nature lets you fly swiftly
                  | and evasively. [Tengu growth]
  2002 | D:3      | Reached XP level 5. HP: 22/30 MP: 3/9
  2096 | D:3      | Reached ** piety under Nemelex Xobeh
  2715 | D:4      | Noticed an ogre
  2725 | D:4      | Killed an ogre
  2726 | D:4      | Reached XP level 6. HP: 36/36 MP: 4/10
  3366 | D:4      | Reached skill level 5 in Dodging
  3366 | D:4      | Reached XP level 7. HP: 33/43 MP: 0/11
  3817 | D:5      | Entered Level 5 of the Dungeon
  3880 | D:5      | Reached skill level 5 in Fire Magic
  4916 | D:5      | Found a staircase to the Ecumenical Temple.
  4937 | Temple   | Entered the Ecumenical Temple
  5492 | D:6      | Reached *** piety under Nemelex Xobeh
  5551 | D:6      | Reached skill level 6 in Fire Magic
  5666 | D:6      | Reached XP level 8. HP: 48/48 MP: 9/12
  5948 | D:6      | Received a gift from Nemelex Xobeh
  5994 | D:6      | Reached skill level 5 in Conjurations
  6124 | D:6      | Reached skill level 7 in Fire Magic
  6572 | D:6      | Reached skill level 8 in Fire Magic
  7033 | D:7      | Reached XP level 9. HP: 44/52 MP: 1/13
  7123 | D:6      | Learned a level 4 spell: Flame Wave
  7127 | D:6      | Learned a level 3 spell: Inner Flame
  7134 | D:7      | Reached skill level 9 in Fire Magic
  7456 | D:7      | Found a flagged portal.
  7833 | D:7      | Noticed Menkaure
  7841 | D:7      | Killed Menkaure
  7842 | D:7      | Reached skill level 1 in Hexes
  8491 | D:7      | Learned a level 3 spell: Volatile Blastmotes
  8852 | D:7      | Reached skill level 10 in Fire Magic
  9004 | D:7      | Reached XP level 10. HP: 57/57 MP: 14/17
  9579 | D:7      | Found a hazy altar of Hepliaklqana.
  9612 | D:7      | Received a gift from Nemelex Xobeh
 10002 | D:8      | Reached skill level 5 in Fighting
 10204 | D:8      | Found a large runed translucent door.
 10380 | D:8      | Received a gift from Nemelex Xobeh
 10446 | D:8      | Noticed a two-headed ogre
 10475 | D:8      | Killed a two-headed ogre
 10686 | D:8      | Noticed a two-headed ogre
 10694 | D:8      | Killed a two-headed ogre
 10802 | D:8      | Found a large runed translucent door.
 10950 | D:8      | Noticed a two-headed ogre
 10959 | D:8      | Killed a two-headed ogre
 11045 | D:8      | Found a shimmering altar of Xom.
 11139 | D:8      | Found a shadowy altar of Dithmenos.
 11166 | D:9      | Reached **** piety under Nemelex Xobeh
 11257 | D:9      | Noticed Erica
 11330 | D:9      | Reached XP level 11. HP: 67/67 MP: 5/18
 11443 | D:9      | Found a blossoming altar of Fedhas.
 11443 | D:9      | Found a glowing silver altar of Zin.
 11492 | D:9      | Paralysed by a hornet for 3 turns
 11750 | D:9      | Received a gift from Nemelex Xobeh
 12082 | D:9      | Reached skill level 1 in Shields
 12803 | D:9      | Erica changed into Erica the elephant
 12803 | D:9      | Noticed Erica
 12814 | D:9      | Killed Erica the elephant
 13153 | D:1      | Bought a scroll of enchant armour for 82 gold pieces
 13153 | D:1      | Bought a scroll of fear for 44 gold pieces
 13153 | D:1      | Bought a scroll of fog for 44 gold pieces
 13153 | D:1      | Bought a scroll of fog for 44 gold pieces
 13153 | D:1      | Bought a scroll of poison for 44 gold pieces
 14025 | D:10     | Entered Level 10 of the Dungeon
 14041 | D:10     | Reached skill level 1 in Summonings
 14183 | D:10     | Noticed a death yak
 14201 | D:10     | Noticed a death yak
 14202 | D:10     | Noticed a death yak
 14202 | D:10     | Noticed a death yak
 14203 | D:10     | Noticed a death yak
 14242 | D:9      | Killed a death yak
 14415 | D:10     | Received a gift from Nemelex Xobeh
 14737 | D:10     | Noticed a two-headed ogre
 14846 | D:10     | Noticed a death yak
 14847 | D:10     | Noticed a death yak
 14854 | D:10     | Noticed a death yak
 14858 | D:10     | Killed a death yak
 14871 | D:10     | Killed a death yak
 14872 | D:10     | Reached skill level 5 in Summonings
 14873 | D:10     | Killed a death yak
 14875 | D:10     | a death yak changed into an eight-headed hydra
 14875 | D:10     | Noticed an eight-headed hydra
 15065 | D:10     | Found a staircase to the Lair.
 15407 | D:10     | Killed a two-headed ogre
 15408 | D:10     | Reached XP level 12. HP: 70/73 MP: 3/19
 15577 | D:10     | Received a gift from Nemelex Xobeh
 15641 | D:10     | Found an ornate altar of the Wu Jian Council.
 15929 | D:10     | Reached skill level 5 in Hexes
 16545 | Lair:1   | Entered Level 1 of the Lair of Beasts
 16556 | Lair:1   | Learned a level 3 spell: Summon Guardian Golem
 17138 | Lair:1   | Noticed Nergalle
 18045 | D:10     | Killed a death yak
 18502 | D:11     | Reached skill level 1 in Armour
 18795 | D:11     | Noticed Sonja
 19153 | D:11     | Killed Sonja
 19942 | D:11     | Noticed a two-headed ogre
 19949 | D:11     | Killed a two-headed ogre
 19950 | D:11     | Reached skill level 5 in Armour
 20087 | D:11     | Found a shimmering blue altar of Sif Muna.
 20139 | D:11     | Found a runed translucent gate.
 20139 | D:11     | Found a runed translucent gate.
 20142 | D:11     | Found a runed translucent gate.
 20143 | D:11     | Noticed SirLogeyBear's ghost (journeyman HOBe)
 20213 | D:11     | Received a gift from Nemelex Xobeh
 20298 | D:11     | Noticed Amaemon
 20437 | Lair:1   | Reached ***** piety under Nemelex Xobeh
 20741 | Lair:1   | Killed Nergalle
 21124 | Lair:2   | Found a runed translucent gate.
 21125 | Lair:2   | Found a runed translucent gate.
 21125 | Lair:2   | Found a runed translucent gate.
 21133 | Lair:2   | Noticed shmup's ghost (journeyman TeFE)
 21133 | Lair:2   | Noticed Weugil's ghost (journeyman HaBe)
 21133 | Lair:2   | Noticed Cato's ghost (journeyman DECj)
 21259 | Lair:2   | Reached skill level 11 in Fire Magic
 22363 | Lair:2   | Found a staircase to the Swamp.
 22594 | D:9      | Killed a death yak
 22595 | D:9      | Reached skill level 12 in Fire Magic
 22595 | D:9      | Reached XP level 13. HP: 51/78 MP: 4/20
 23461 | Lair:3   | Received a gift from Nemelex Xobeh
 23650 | Lair:3   | Reached skill level 13 in Fire Magic
 24680 | Lair:3   | Received a gift from Nemelex Xobeh
 24756 | Lair:3   | Found a hole to the Spider Nest.
 24901 | Lair:3   | Reached skill level 14 in Fire Magic
 25231 | Lair:3   | Received a gift from Nemelex Xobeh
 25779 | Lair:4   | Found a staircase to the Slime Pits.
 26127 | Lair:4   | Noticed Nessos
 26141 | Lair:4   | Killed Nessos
 26286 | Lair:4   | Received a gift from Nemelex Xobeh
 26667 | Lair:4   | Reached ****** piety under Nemelex Xobeh
 26668 | Lair:4   | Received a gift from Nemelex Xobeh
 26686 | Lair:4   | Reached skill level 15 in Fire Magic
 27191 | Lair:2   | Killed Cato's ghost
 27314 | Lair:2   | Killed shmup's ghost
 27447 | Lair:2   | Identified the +0 long sword of Untruth {drain, Stlth+}
 27457 | Lair:2   | Killed Weugil's ghost
 27884 | Lair:5   | Entered Level 5 of the Lair of Beasts
 28255 | Lair:4   | Reached skill level 16 in Fire Magic
 28521 | Lair:5   | Identified the +0 buckler of Integrity {rC+ Slay+2 SInv}
 29192 | Lair:5   | Reached XP level 14. HP: 84/84 MP: 7/21
 29854 | Lair:5   | Received a gift from Nemelex Xobeh
 30046 | Slime:1  | Entered Level 1 of the Pits of Slime
 30046 | Slime:1  | Noticed a rockslime
 30046 | Slime:1  | Noticed an acid blob
 30053 | Lair:4   | I um, accidentally went down here and packed up some
                  | monsters
 30837 | Lair:5   | Received a gift from Nemelex Xobeh
 31145 | Lair:5   | Identified the +1 trident "Elurytwe" {drain, *Noise rPois
                  | Int+2}
 31152 | Lair:5   | Reached skill level 10 in Dodging
 32531 | Lair:5   | Found a corrupted altar of Lugonu.
 32531 | Lair:5   | Found a one-way gate to the infinite horrors of the Abyss.
 32547 | Lair:5   | Identified the staff of air "Noastaja" {rElec rF+}
 33119 | D:11     | Killed Amaemon
 33308 | D:11     | Found a staircase to the Orcish Mines.
 33308 | D:11     | Received a gift from Nemelex Xobeh
 33693 | D:11     | Killed SirLogeyBear's ghost
 33919 | D:10     | a death yak changed into a quicksilver ooze
 33919 | D:10     | Noticed a quicksilver ooze
 34214 | Orc:1    | Entered Level 1 of the Orcish Mines
 34247 | D:10     | Killed a quicksilver ooze
 35483 | Orc:2    | Entered Level 2 of the Orcish Mines
 35484 | Orc:2    | Noticed Saint Roka
 36001 | D:12     | Received a gift from Nemelex Xobeh
 36452 | D:12     | Received a gift from Nemelex Xobeh
 36925 | D:12     | Reached skill level 1 in Air Magic
 37213 | D:13     | Noticed Rupert
 37224 | D:13     | Paralysed by Rupert for 4 turns
 37227 | D:13     | HP: 4/87 [vampire mosquito (1)]
 37227 | D:13     | Annihilated by Rupert

Illustrated notes

▒▒......▒▒ ▒....
▒...8...P▒ ▒▒▒▒...
▒▒.......▒▒ ▒.▒▒...
▒P...P....▒ ▒▒.....
▒P..P.P..▒▒ ▒.....
▒▒..P.P...▒▒ ▒▒.....
▒...P.....▒ ▒......
▒▒▒▒.......▒▒ ▒.▒....
▒.....Q....▒▒ ▒...P.P
▒▒..........▒▒▒ ▒P..▒▒.
▒▒...........▒ ▒▒P...▒
▒..........▒▒▒ ▒▒▒..▒
▒▒.........▒.▒ ▒▒..
▒▒▒▒........▒.▒▒ ▒▒.
▒..▒.........▒.▒ ▒▒..
▒▒.............▒▒▒▒▒...
▒............▒▒..▒▒....


Turn 30053 on Lair:4: I um, accidentally went down here and packed up some
monsters

Levels and vault maps discovered:
D:1:      dpeg_arrival_line_fractal, layout_basic, serial_shops,
          nicolae_square_shop
D:2:      layout_rooms, hellmonk_ecumenical_altar_defaced_shrine,
          corexii_corridor_pit, uniq_robin
D:3:      layout_rooms, minmay_misc_feat_five
D:4:      layout_loops_ring
D:5:      layout_basic, temple_doors_ab, serial_rivers,
          chequers_serial_rivers_micro_b, chequers_serial_rivers_marsh,
          chequers_serial_rivers_small_a, chequers_serial_rivers_small_b,
          chequers_serial_rivers_micro_c, chequers_serial_rivers_large_a
D:6:      layout_loops_ring, st_stairs_1, chequers_decorated_corner
D:7:      layout_cave_pools, mainiacjoe_overflow_paths, serial_bayou,
          serial_bayou_lagoon_b, serial_bayou_crossing, serial_bayou_ford_a,
          serial_bayou_pond_b, serial_bayou_lagoon_a, serial_bayou_shore_b,
          enter_bailey_5, uniq_menkaure
D:8:      layout_rooms, jmf_multi_god_temple2
D:9:      layout_roguey, gammafunk_temple_overflow_elements, uniq_erica
D:10:     layout_cave_pods, pdpol_wu_jian_five_deadly_venoms,
          dpeg_lair_monsters, minivault_19, minmay_splitting_lines
D:11:     layout_basic, erik_orc_2, gammafunk_ghost_necromancy,
          portal_ice_cave_entry_ice_simulacra, nicolae_sif_muna_little_library,
          uniq_amaemon, uniq_sonja
D:12:     layout_irregular_city
D:13:     layout_rooms, david_vaults_2, serial_shops, shop, uniq_snorg,
          uniq_rupert
Temple:   compressed_dpeg_triangle_lava_temple
Lair:1:   layout_regular_city, amcnicky_mini_pool_medium, uniq_nergalle
Lair:2:   layout_roguey, nicolae_swamp_entry_splash_gauntlet,
          gammafunk_ghost_cemetery, nicolae_quartered_pool_impasse
Lair:3:   layout_chaotic_city, nicolae_spider_entry_orb_guardian,
          infiniplex_staircase_pool_2
Lair:4:   layout_cave_shapes, nicolae_slime_entry_field_trip, pond, uniq_nessos
Lair:5:   hellmonk_lair_end_abyssal_woods, layout_regular_city
Slime:1:  layout_caves
Orc:1:    layout_diamond_mine, serial_shops, nicolae_shop_bloodbath_and_beyond
Orc:2:    grunt_orc_tribal_feast, layout_caves, serial_shops,
          nicolae_shop_advertising_works [nicolae_subvault_shop_adworks],
          uniq_saint_roka

Skill      XL: |  1  2  3  4  5  6  7  8  9 10 11 12 13 14 |
---------------+-------------------------------------------+-----
Conjurations   | 2 3 4 6 9 |  9.5
Fire Magic     | 4 6 8 10 12 16 | 16.3
Fighting       | 1 2 4 7 8 9 |  9.7
Dodging        | 3 4 5 8 9 11 | 11.7
Hexes          | 2 4 6 |  6.6
Spellcasting   | 4 |  4.0
Shields        | 1 4 |  4.0
Summonings     | 6 9 |  9.6
Armour         | 5 6 |  6.9
Air Magic      | 2 |  2.5
Stealth        | |  2.0
Translocations | |  0.3
Invocations    | |  0.3

Action                     |  1- 3 |  4- 6 |  7- 9 | 10-12 | 13-15 || total
---------------------------+-------+-------+-------+-------+-------++-------
  Melee: Short sword       |     6 |     5 |       |       |       ||    11
         Peck              |       |     1 |     1 |    10 |    28 ||    40
         Spear             |       |       |    11 |    29 |   109 ||   149
         Kick              |       |       |     4 |     9 |    44 ||    57
         Mace              |       |       |     7 |    13 |       ||    20
         Staff             |       |       |       |       |     7 ||     7
   Cast: Foxfire           |    34 |    73 |   139 |   175 |   187 ||   608
         Scorch            |     4 |    20 |    69 |   150 |   257 ||   500
         Flame Wave        |       |       |     6 |    26 |    23 ||    55
         Inner Flame       |       |       |     1 |    44 |    55 ||   100
         Volatile Blastmot |       |       |       |    12 |     1 ||    13
         Summon Guardian G |       |       |       |    46 |    95 ||   141
 Invoke: Draw Destruction  |       |       |       |    19 |    36 ||    55
         Draw Summoning    |       |       |       |     1 |     6 ||     7
    Use: Scroll            |     5 |     4 |     7 |    13 |    11 ||    40
         Potion            |       |       |       |       |     3 ||     3
   Stab: Sleeping          |       |       |       |     1 |       ||     1
 Armour: Robe              |     3 |     2 |     3 |    27 |    44 ||    79
  Dodge: Dodged            |    13 |    17 |   108 |   185 |   281 ||   604
  Block: Buckler           |       |       |       |    51 |   170 ||   221
         Reflection        |       |       |       |       |    11 ||    11
